 Dungeon Crawl Stone Soup version 0.30.0-20-g3615ddf2f0 (webtiles) character file.

Game seed: 9524473197770763115

21438 qw the Cleaver (level 12, -18/77 HPs)
             Began as a Gargoyle Fighter on May 29, 2023.
             Was a High Priest of Okawaru.
             Demolished by a minotaur
             ... wielding a +5 broad axe of distortion
              (23 damage)
             ... in a Gauntlet.
             The game lasted 00:06:04 (9873 turns).

qw the Cleaver (Gargoyle Fighter)                   Turns: 9873, Time: 00:06:05

Health: -18/77     AC: 24    Str: 33    XL:     12   Next: 90%
Magic:  13/19      EV: 13    Int: 12    God:    Okawaru [*****.]
Gold:   815        SH:  6    Dex:  9    Spells: 11/11 levels left

rFire   + + .        a - +1 war axe (vamp)
rCold   + . .        c - +0 buckler
rNeg    + + +        p - +2 ring mail of Zin's Regard {Drain Regen+ Str+8 Int+3}
rPois   inf          (no helmet)
rElec   +            k - +0 cloak
rCorr   .            y - +0 pair of gloves of the Rose {rF+ rN++}
SInv    .            i - +2 pair of boots of Infinity {rF+ Will+}
Will    +....        (no amulet)
Stlth   ++           l - ring of protection from fire
HPRegen 1.12/turn    v - ring of ice
MPRegen 0.16/turn

%: no teleportation
@: heroic, finesse-ful
A: sickness immunity, AC +8, negative energy resistance 1, electricity
resistance, torment resistance 1, petrification resistance, talons 1, evolution
1, MP-powered wands
a: Renounce Religion, Heroism, Finesse, Duel


You were in a Gauntlet.
You worshipped Okawaru.
Okawaru was extremely pleased with you.
You visited 3 branches of the dungeon, and saw 13 of its levels.
You also visited: Gauntlet.

You collected 815 gold pieces.


Innate Abilities, Weirdness & Mutations

You are immune to sickness and miasma.
Your stone body is resilient. (AC +8)
You are immune to poison.
You resist negative energy. (rN+)
You are resistant to electric shocks. (rElec)
You are resistant to unholy torment.
You are immune to petrification.
You have sharp toenails.
You have hidden genetic potential.
You expend magic power (3 MP) to strengthen your wands.


   Skills:
 - Level 10.1(15.1) Fighting
 + Level 13.2(18.2) Axes
 - Level 5.1(10.1) Throwing
 - Level 5.1(10.1) Armour
 - Level 3.4(8.4) Dodging
 - Level 6.0(11.0) Shields
 - Level 10.0 Invocations


You had 11 spell levels left.
You didn't know any spells.
Your spell library was empty.

Inventory:

Hand Weapons
 a - a +1 vampiric war axe (weapon)
 g - a +0 morningstar
 u - a +3 heavy broad axe
Missiles
 b - 10 boomerangs
 w - 3 silver javelins (quivered)
Armour
 c - a +0 buckler (worn)
 i - the +2 pair of boots of Infinity (worn) {rF+ Will+}
   (You found it on level 7 of the Dungeon)

   rF:        It protects you from fire.
   Will:      It increases your willpower.
 k - a +0 cloak (worn)
 m - the +6 ring mail of Dasutiog {rElec rC+ Dex+3}
   (You found it on level 2 of the Dungeon)

   Dex:       It affects your dexterity (+3).
   rC:        It protects you from cold.
   rElec:     It insulates you from electricity.
 p - the +2 ring mail of Zin's Regard (worn) {Drain Regen+ Str+8 Int+3}
   (You found it on level 5 of the Dungeon)

   Str:       It affects your strength (+8).
   Int:       It affects your intelligence (+3).
   Regen:     It increases your rate of health regeneration.
   Drain:     It drains your maximum health when unequipped.
 y - the +0 pair of gloves of the Rose (worn) {rF+ rN++}
   (You found it in a Gauntlet)

   rF:        It protects you from fire.
   rN:        It greatly protects you from negative energy.
Jewellery
 l - a ring of protection from fire (left hand)
 v - a ring of ice (right hand)
 x - the amulet of Lugonu's Outrage {RegenMP Harm rCorr Str-3 Dex+3}
   (You found it in a Gauntlet)

   [amulet of magic regeneration]

   It increases your rate of magic regeneration.
   Str:       It affects your strength (-3).
   Dex:       It affects your dexterity (+3).
   rCorr:     It protects you from acid and corrosion.
   Harm:      It increases damage dealt and taken.
Scrolls
 e - a scroll of identify
 f - 2 scrolls of teleportation
Potions
 d - 4 potions of might
 j - a potion of lignification
 n - 4 potions of curing
 o - 2 potions of haste
 q - a potion of attraction
 r - a potion of magic
 s - 2 potions of cancellation
 t - a potion of resistance
 z - 2 potions of mutation

Dungeon Overview and Level Annotations

Branches:
Dungeon (8/15)             Temple (1/1) D:4            Lair (4/5) D:8
 Shoals (0/4) Lair:3       Spider (0/4) Lair:2      Gauntlet (1/1)
  Slime: Lair:4-5

Altars:
Ashenzari
Cheibriados
Dithmenos
Elyvilon
Fedhas
Gozag
Hepliaklqana
Kikubaaqudgha
Makhleb
Nemelex Xobeh
Okawaru
Qazlal
Ru
Sif Muna
Trog
Uskayaw
Vehumet
Wu Jian
Xom
Yredelemnul
Zin
The Shining One

Annotations:
D:7 1 runed translucent door Gauntlet 10 transporters, 21 runed translucent doors


Message History

Enter note:
9862 ||| INVOKING Heroism.
You gain the combat prowess of a mighty hero.
The minotaur shoots a bolt.
The bolt hits you but does no damage.
9863 ||| INVOKING Finesse.
You can now deal lightning-fast blows.
The minotaur shoots a bolt.
The bolt misses you.
Found a gate leading back out of this place.
There is an open door here.
Enter note:
Enter note:
Enter note:
Enter note: You slash the minotaur!
The minotaur is lightly wounded.
You slash the minotaur!
The minotaur is moderately wounded.
The minotaur unwields the +5 arbalest of the Enemy {freeze, Drain rElec rPois Int+6}.
The minotaur wields a +5 broad axe of distortion.
Its appearance distorts for a moment.
The minotaur hits you with a +5 broad axe of distortion!
Space warps horribly around you!
The minotaur gores you but does no damage.
You hit the minotaur but do no damage.
The minotaur is moderately wounded.
You slash the minotaur!
The minotaur is heavily wounded.
You closely miss the minotaur.
The minotaur is heavily wounded.
You closely miss the minotaur.
The minotaur furiously retaliates!
The minotaur headbutts you, but does no damage.
The minotaur is heavily wounded.
The minotaur hits you with a +5 broad axe of distortion!
Space warps horribly around you!! The minotaur gores you!
You hit the minotaur but do no damage.
The minotaur is heavily wounded.
You hit the minotaur.
The minotaur is heavily wounded.
The minotaur hits you with a +5 broad axe of distortion!!
You die...

#~8~#..#....
########...#..#....
#........8.####....
##.##.###.....^#..#.
#8........8.####....
.....#.#...#..#....
#########.#.#.8.#..#####
#8[8:8.8#...#...#~......
#\....H@'.###.8.#\......
#8[8?8.8#...#...#~......
#########.#.#.8.#..#####
..#.#...#..#..}=
......8.####..##
##.###.....^#.#..
......8.####.#..
#####...#..#..##
#~8~#..#.#..


You could see a minotaur.

Vanquished Creatures
  A hydra (Lair:2)
  Sonja (Lair:4)
  A fire crab (Gauntlet)
  2 skysharks (Lair:3)
  A death drake (Gauntlet)
  Pikel (D:8)
  A spectral centaur (Gauntlet)
  A centaur zombie (Gauntlet)
  A black mamba (Lair:2)
  An ice statue (Gauntlet)
  5 elephants (Lair:1)
  A torpor snail (Lair:1)
  3 centaur skeletons (D:8)
  4 cane toads
  A redback zombie (D:8)
  2 rime drakes
  A komodo dragon (Lair:4)
  2 hellwings (D:8)
  3 blink frogs (Lair:1)
  Grinder (D:5)
  23 yaks
  2 basilisks
  6 fire bats (Gauntlet)
  A wyvern (Lair:1)
  Eustachio (D:4)
  Edmund (D:6)
  A hell hound (Gauntlet)
  11 water moccasins
  A sky beast (D:8)
  A hornet zombie (D:8)
  4 black bears
  An ogre (D:6)
  12 wolves (Lair:1)
  A centaur (D:6)
  A lemure (D:8)
  Blork the orc (D:4)
  7 bullfrogs
  4 scorpions
  3 gnoll sergeants
  2 killer bees (Lair:2)
  7 howler monkeys (D:8)
  A quasit (D:7)
  2 jellies (D:6)
  5 orc priests
  9 hounds
  5 iguanas
  A gnoll bouda (D:4)
  A sleepcap (D:7)
  7 orc wizards
  A boggart zombie (D:8)
  17 gnolls
  3 adders
  7 shadow imps
  3 white imps
  8 ufetubi
  A worm (D:2)
  A dart slug (D:4)
  43 orcs
  8 endoplasms
  2 giant cockroaches
  10 goblins
  6 hobgoblins
  5 jackals
  5 quokkas
  4 ball pythons
  3 bats
  3 frilled lizards
  8 kobolds
  8 rats
302 creatures vanquished.

Notes
Turn   | Place    | Note
-------+----------+-------------------------------------------
     0 | D:1      | qw the Gargoyle Fighter began the quest for the Orb.
     0 | D:1      | Reached XP level 1. HP: 14/14 MP: 1/1
     0 | D:1      | 0 ||| qw: Version: 0.2-a-101-gf424e7f
     0 | D:1      | 0 ||| qw: Game counter: 361
     0 | D:1      | 0 ||| qw: Always use a shield: true
     0 | D:1      | 0 ||| qw: God list: Okawaru
     0 | D:1      | 0 ||| qw: Allow faded altars: false
     0 | D:1      | 0 ||| qw: Do Orc after D:15 true
     0 | D:1      | 0 ||| qw: Do second Lair branch before Depths: true
     0 | D:1      | 0 ||| qw: Lair rune preference: random
     0 | D:1      | 0 ||| qw: Plans: Normal, Zot:1-4, Slime:5, God:TSO, Crypt,
                  | Tomb, Pan, Hells, Abyss, Win
     0 | D:1      | 0 ||| PLANNING D:1-11
    43 | D:1      | 43 ||| Stepping ~*~*~tactically~*~*~ (stealth).
    44 | D:1      | 44 ||| Stepping ~*~*~tactically~*~*~ (stealth).
    49 | D:1      | Reached skill level 2 in Axes
   120 | D:1      | Reached XP level 2. HP: 19/19 MP: 2/2
  1017 | D:1      | Reached skill level 3 in Axes
  1062 | D:1      | 1062 ||| UPGRADING to +0 cloak.
  1067 | D:1      | 1067 ||| READING scroll labelled REXUDICSITZ.
  1068 | D:1      | 1068 ||| READING scroll labelled NUGI WEUNIGU.
  1069 | D:1      | 1069 ||| READING scroll labelled TABAKI DIMELOO.
  1070 | D:1      | 1070 ||| READING scroll labelled OLITWO JOEMUR.
  1070 | D:1      | Identified a scroll of acquirement
  1070 | D:1      | 1070 ||| ACQUIRING +0 vampiric war axe
  1070 | D:1      | Acquired a +0 vampiric war axe
  1072 | D:1      | 1072 ||| SWAPPING to +0 vampiric war axe.
  1073 | D:1      | 1073 ||| DROPPING +0 war axe.
  1074 | D:1      | 1074 ||| READING scroll labelled URIYFOOFFA.
  1107 | D:2      | Reached XP level 3. HP: 20/23 MP: 3/3
  1122 | D:2      | 1122 ||| DROPPING +0 club.
  1167 | D:2      | 1167 ||| Stepping ~*~*~tactically~*~*~ (stealth).
  1289 | D:2      | Identified the +6 ring mail of Dasutiog {rElec rC+ Dex+3}
  1364 | D:2      | 1364 ||| Stepping ~*~*~tactically~*~*~ (hiding).
  1366 | D:2      | 1366 ||| Stepping ~*~*~tactically~*~*~ (hiding).
  1615 | D:2      | 1615 ||| DROPPING orb of wrath.
  1616 | D:2      | 1616 ||| UPGRADING to +0 pair of boots.
  1621 | D:2      | 1621 ||| UPGRADING to +6 ring mail of Dasutiog {rElec rC+
                  | Dex+3}.
  1631 | D:2      | 1631 ||| DROPPING +0 scale mail.
  1632 | D:2      | 1632 ||| READING scroll labelled GICOUTZ DOIQEP.
  1662 | D:3      | 1662 ||| Stepping ~*~*~tactically~*~*~ (stealth).
  1832 | D:3      | Reached XP level 4. HP: 28/28 MP: 4/4
  1916 | D:3      | 1916 ||| Stepping ~*~*~tactically~*~*~ (stealth).
  1917 | D:3      | 1917 ||| Stepping ~*~*~tactically~*~*~ (stealth).
  2121 | D:3      | Reached skill level 4 in Axes
  2222 | D:3      | 2222 ||| READING scroll labelled YPLURH WUIBAR.
  2223 | D:3      | 2223 ||| READING 2 scrolls labelled QESMYIHAFI.
  2227 | D:3      | 2227 ||| DRINKING 2 sedimented cyan potions.
  2228 | D:3      | 2228 ||| DROPPING potion of degeneration.
  2273 | D:4      | 2273 ||| Stepping ~*~*~tactically~*~*~ (stealth).
  2275 | D:4      | 2275 ||| Stepping ~*~*~tactically~*~*~ (stealth).
  2281 | D:4      | Noticed a scorpion
  2288 | D:4      | Reached skill level 1 in Throwing
  2290 | D:4      | Killed a scorpion
  2291 | D:4      | Reached XP level 5. HP: 22/32 MP: 5/5
  2384 | D:4      | Noticed Eustachio
  2385 | D:4      | Reached skill level 1 in Dodging
  2397 | D:4      | 2397 ||| Stepping ~*~*~tactically~*~*~ (stealth).
  2421 | D:4      | Reached XP level 6. HP: 29/37 MP: 6/6
  2423 | D:4      | Killed Eustachio
  2424 | D:4      | Reached skill level 5 in Axes
  2450 | D:4      | 2450 ||| Stepping ~*~*~tactically~*~*~ (stealth).
  2473 | D:4      | 2473 ||| FLEEEEING.
  2475 | D:4      | 2475 ||| FLEEEEING.
  2476 | D:4      | 2476 ||| FLEEEEING.
  2498 | D:4      | Reached XP level 7. HP: 43/43 MP: 7/7
  2516 | D:4      | Noticed Blork the orc
  2521 | D:4      | Reached skill level 6 in Axes
  2543 | D:4      | Killed Blork the orc
  2606 | D:4      | 2606 ||| Stepping ~*~*~tactically~*~*~ (stealth).
  2807 | D:4      | Found a staircase to the Ecumenical Temple.
  2811 | D:4      | 2811 ||| DRINKING 2 green potions.
  2812 | D:4      | 2812 ||| DROPPING potion of invisibility.
  2819 | D:4      | 2819 ||| PLANNING TEMPLE
  2831 | Temple   | Entered the Ecumenical Temple
  2877 | Temple   | 2877 ||| PLANNING OKAWARU WORSHIP
  2994 | Temple   | Became a worshipper of Warmaster Okawaru
  2994 | Temple   | 2994 ||| PLANNING D:1-11
  3123 | D:5      | Entered Level 5 of the Dungeon
  3127 | D:5      | 3127 ||| STAIRDANCE
  3138 | D:4      | Reached skill level 7 in Axes
  3168 | D:5      | 3168 ||| STAIRDANCE
  3176 | D:4      | Reached XP level 8. HP: 27/48 MP: 8/8
  3277 | D:5      | 3277 ||| Stepping ~*~*~tactically~*~*~ (hiding).
  3278 | D:5      | 3278 ||| Stepping ~*~*~tactically~*~*~ (hiding).
  3322 | D:5      | 3322 ||| Stepping ~*~*~tactically~*~*~ (stealth).
  3425 | D:5      | Noticed Grinder
  3431 | D:5      | Killed Grinder
  3431 | D:5      | Reached * piety under Okawaru
  3432 | D:5      | Reached skill level 8 in Axes
  3543 | D:5      | 3543 ||| Stepping ~*~*~tactically~*~*~ (stealth).
  3694 | D:5      | Identified the +2 ring mail of Zin's Regard {Drain Regen+
                  | Str+8 Int+3}
  3814 | D:5      | Reached skill level 1 in Invocations
  3865 | D:5      | 3865 ||| UPGRADING to +2 ring mail of Zin's Regard {Drain
                  | Regen+ Str+8 Int+3}.
  3875 | D:5      | 3875 ||| DROPPING amulet of magic regeneration.
  3876 | D:5      | 3876 ||| READING 2 scrolls labelled WEPPOM XOUWK.
  3877 | D:5      | 3877 ||| READING scroll of enchant weapon.
  3877 | D:5      | 3877 ||| ENCHANTING +0 vampiric war axe.
  3878 | D:5      | 3878 ||| READING scroll labelled MIFOLA FITI.
  3879 | D:5      | 3879 ||| DRINKING 2 grey potions.
  3970 | D:6      | 3970 ||| INVOKING Heroism.
  3973 | D:6      | Reached skill level 6 in Fighting
  4046 | D:6      | Noticed Edmund
  4047 | D:6      | 4047 ||| INVOKING Heroism.
  4053 | D:6      | Killed Edmund
  4054 | D:6      | Reached skill level 3 in Invocations
  4062 | D:6      | Reached XP level 9. HP: 55/55 MP: 9/11
  4128 | D:6      | 4128 ||| INVOKING Heroism.
  4151 | D:6      | 4151 ||| INVOKING Heroism.
  4276 | D:6      | 4276 ||| INVOKING Heroism.
  4310 | D:6      | 4310 ||| INVOKING Heroism.
  4315 | D:6      | Reached skill level 9 in Axes
  4666 | D:6      | 4666 ||| READING scroll labelled WUGARA CEARGHE.
  4667 | D:6      | 4667 ||| DRINKING 4 blue potions.
  4668 | D:6      | 4668 ||| DRINKING 2 amethyst potions.
  4702 | D:6      | 4702 ||| DROPPING 3 potions of brilliance.
  4826 | D:7      | Reached skill level 3 in Throwing
  4904 | D:7      | Found a sparkling altar of Nemelex Xobeh.
  4982 | D:7      | Identified the +2 pair of boots of Infinity {rF+ Will+}
  5013 | D:7      | Found a runed translucent door.
  5021 | D:7      | Noticed a sixfirhy
  5092 | D:7      | 5092 ||| Stepping ~*~*~tactically~*~*~ (stealth).
  5100 | D:7      | 5100 ||| Stepping ~*~*~tactically~*~*~ (hiding).
  5103 | D:7      | 5103 ||| Stepping ~*~*~tactically~*~*~ (hiding).
  5104 | D:7      | 5104 ||| Stepping ~*~*~tactically~*~*~ (hiding).
  5128 | D:7      | 5128 ||| Stepping ~*~*~tactically~*~*~ (hiding).
  5143 | D:7      | Reached ** piety under Okawaru
  5268 | D:7      | 5268 ||| READING scroll of enchant armour.
  5268 | D:7      | 5268 ||| ENCHANTING +0 pair of boots.
  5284 | D:7      | Found a glowing silver altar of Zin.
  5289 | D:7      | Found a blossoming altar of Fedhas.
  5312 | D:7      | 5312 ||| Stepping ~*~*~tactically~*~*~ (stealth).
  5317 | D:7      | 5317 ||| INVOKING Heroism.
  5570 | D:7      | 5570 ||| UPGRADING to +2 pair of boots of Infinity {rF+
                  | Will+}.
  5580 | D:7      | 5580 ||| DROPPING +1 pair of boots.
  5743 | D:8      | Reached skill level 10 in Axes
  5743 | D:8      | Reached XP level 10. HP: 63/63 MP: 13/13
  5859 | D:8      | 5859 ||| Stepping ~*~*~tactically~*~*~ (hiding).
  5867 | D:8      | Reached *** piety under Okawaru
  5890 | D:8      | 5890 ||| Stepping ~*~*~tactically~*~*~ (hiding).
  5891 | D:8      | 5891 ||| Stepping ~*~*~tactically~*~*~ (hiding).
  5894 | D:8      | 5894 ||| Stepping ~*~*~tactically~*~*~ (hiding).
  5895 | D:8      | 5895 ||| Stepping ~*~*~tactically~*~*~ (hiding).
  5914 | D:8      | Noticed Pikel
  5929 | D:8      | Killed Pikel
  5937 | D:8      | Reached **** piety under Okawaru
  5938 | D:8      | Reached skill level 11 in Axes
  6182 | D:8      | 6182 ||| Stepping ~*~*~tactically~*~*~ (stealth).
  6184 | D:8      | 6184 ||| Stepping ~*~*~tactically~*~*~ (stealth).
  6188 | D:8      | 6188 ||| Stepping ~*~*~tactically~*~*~ (stealth).
  6195 | D:8      | 6195 ||| Stepping ~*~*~tactically~*~*~ (stealth).
  6214 | D:8      | Found a staircase to the Lair.
  6285 | D:8      | Identified the +5 falchion of Pour {antimagic, rElec rC+
                  | Will+}
  6391 | D:8      | 6391 ||| PLANNING LAIR
  6391 | D:8      | 6391 ||| UPGRADING to ring of protection from fire.
  6392 | D:8      | 6392 ||| READING scroll labelled YDINEX PILUXT.
  6493 | D:8      | 6493 ||| READING 2 scrolls labelled NILINO PADIYS.
  6494 | D:8      | 6494 ||| READING scroll labelled JOAFETH NEUL.
  6495 | D:8      | 6495 ||| READING 2 scrolls of identify.
  6495 | D:8      | 6495 ||| IDENTIFYING yellow potion
  6496 | D:8      | 6496 ||| DROPPING scroll of noise.
  6526 | Lair:1   | Entered Level 1 of the Lair of Beasts
  6526 | Lair:1   | Noticed a cane toad
  6526 | Lair:1   | Noticed a torpor snail
  6527 | Lair:1   | 6527 ||| INVOKING Heroism.
  6534 | Lair:1   | Reached XP level 11. HP: 61/69 MP: 12/15
  6537 | Lair:1   | Reached skill level 6 in Invocations
  6541 | Lair:1   | Reached skill level 9 in Fighting
  6546 | Lair:1   | Reached ***** piety under Okawaru
  6578 | Lair:1   | 6578 ||| INVOKING Heroism.
  6587 | Lair:1   | 6587 ||| Stepping ~*~*~tactically~*~*~ (stealth).
  6588 | Lair:1   | 6588 ||| Stepping ~*~*~tactically~*~*~ (stealth).
  6654 | Lair:1   | Received a gift from Okawaru
  6673 | Lair:1   | 6673 ||| INVOKING Heroism.
  6750 | Lair:1   | 6750 ||| INVOKING Heroism.
  6752 | Lair:1   | 6752 ||| Stepping ~*~*~tactically~*~*~ (hiding).
  6762 | Lair:1   | HP: 17/71 [rime drake/icy flash freeze (15)]
  6763 | Lair:1   | 6763 ||| READING 2 scrolls of teleportation.
  6764 | Lair:1   | 6764 ||| DRINKING potion of heal wounds.
  7050 | Lair:1   | 7050 ||| Stepping ~*~*~tactically~*~*~ (stealth).
  7051 | Lair:1   | 7051 ||| Stepping ~*~*~tactically~*~*~ (stealth).
  7052 | Lair:1   | 7052 ||| Stepping ~*~*~tactically~*~*~ (stealth).
  7062 | Lair:1   | 7062 ||| INVOKING Heroism.
  7066 | Lair:1   | Reached skill level 9 in Invocations
  7387 | Lair:1   | Reached skill level 12 in Axes
  7403 | Lair:1   | Reached skill level 6 in Shields
  7403 | Lair:1   | Reached XP level 12. HP: 76/76 MP: 19/19
  7414 | Lair:1   | 7414 ||| READING scroll labelled GIBOL COVOV.
  7415 | Lair:1   | 7415 ||| DRINKING 2 white potions.
  7781 | Lair:2   | 7781 ||| UPGRADING to +0 pair of gloves.
  7788 | Lair:2   | Found a hole to the Spider Nest.
  7819 | Lair:2   | Noticed a seven-headed hydra
  7820 | Lair:2   | 7820 ||| INVOKING Heroism.
  7821 | Lair:2   | 7821 ||| INVOKING Finesse.
  7825 | Lair:2   | 7825 ||| SWAPPING to +0 morningstar.
  7832 | Lair:2   | Killed a seven-headed hydra
  7833 | Lair:2   | 7833 ||| SWAPPING to +1 vampiric war axe.
  8139 | Lair:2   | Received a gift from Okawaru
  8299 | Lair:2   | 8299 ||| DRINKING 2 fizzy dark potions.
  8300 | Lair:2   | 8300 ||| READING 2 scrolls of identify.
  8300 | Lair:2   | 8300 ||| IDENTIFYING fuming yellow potion
  8344 | Lair:3   | Identified the staff of fire "Qagim" {rPois rF+ rN+ Str+4}
  8513 | Lair:3   | Noticed a skyshark
  8527 | Lair:3   | Killed a skyshark
  8836 | Lair:3   | Found a staircase to the Shoals.
  8863 | Lair:3   | Noticed a skyshark
  8874 | Lair:3   | Killed a skyshark
  9083 | Lair:3   | 9083 ||| UPGRADING to ring of ice.
  9084 | Lair:3   | 9084 ||| READING 3 scrolls of identify.
  9084 | Lair:3   | 9084 ||| IDENTIFYING fuming blue potion
  9116 | Lair:4   | Noticed Sonja
  9117 | Lair:4   | 9117 ||| PLANNING GAUNTLET
  9117 | Lair:4   | 9117 ||| INVOKING Heroism.
  9118 | Lair:4   | 9118 ||| INVOKING Finesse.
  9139 | Lair:4   | Killed Sonja
  9284 | Lair:4   | Found a gate leading to a gauntlet.
  9285 | Lair:4   | 9285 ||| DRINKING 2 puce potions.
  9285 | Lair:4   | Gained mutation: You have sharp toenails. [potion of
                  | mutation]
  9285 | Lair:4   | Gained mutation: You expend magic power (3 MP) to
                  | strengthen your wands. [potion of mutation]
  9285 | Lair:4   | Gained mutation: You have hidden genetic potential. [potion
                  | of mutation]
  9286 | Lair:4   | 9286 ||| READING 2 scrolls of identify.
  9286 | Lair:4   | 9286 ||| IDENTIFYING ruby potion
  9287 | Lair:4   | 9287 ||| DROPPING potion of flight.
  9296 | Gauntlet | Entered a Gauntlet
  9296 | Gauntlet | Found a transporter.
  9296 | Gauntlet | Found a transporter.
  9300 | Gauntlet | Found a transporter.
  9300 | Gauntlet | Found a transporter.
  9302 | Gauntlet | Found a large runed translucent door.
  9303 | Gauntlet | Found a large runed translucent door.
  9304 | Gauntlet | Found a large runed translucent door.
  9304 | Gauntlet | Found a large runed translucent door.
  9304 | Gauntlet | Found a runed translucent door.
  9305 | Gauntlet | Found a large runed translucent door.
  9306 | Gauntlet | Found a large runed translucent door.
  9307 | Gauntlet | Found a large runed translucent door.
  9307 | Gauntlet | Found a large runed translucent door.
  9308 | Gauntlet | Found a runed translucent gate.
  9316 | Gauntlet | Found a transporter.
  9316 | Gauntlet | Noticed a blizzard demon
  9318 | Gauntlet | Found a transporter.
  9318 | Gauntlet | Found a runed translucent gate.
  9319 | Gauntlet | Found a runed translucent gate.
  9320 | Gauntlet | Found a transporter.
  9320 | Gauntlet | Found a transporter.
  9320 | Gauntlet | Found a large runed translucent door.
  9321 | Gauntlet | Found a large runed translucent door.
  9322 | Gauntlet | Found a large runed translucent door.
  9324 | Gauntlet | Found a transporter.
  9364 | Gauntlet | Found a transporter.
  9375 | Gauntlet | Found a runed translucent door.
  9384 | Gauntlet | Found a large runed translucent door.
  9384 | Gauntlet | Found a large runed translucent door.
  9384 | Gauntlet | Found a large runed translucent door.
  9385 | Gauntlet | Found a large runed translucent door.
  9386 | Gauntlet | Found a transporter.
  9386 | Gauntlet | Found a large runed translucent door.
  9400 | Gauntlet | Found a transporter.
  9442 | Gauntlet | Found a transporter.
  9444 | Gauntlet | Noticed a death scarab
  9449 | Gauntlet | Noticed a death scarab
  9458 | Gauntlet | Found a transporter.
  9560 | Gauntlet | Found a transporter.
  9574 | Gauntlet | Found a transporter.
  9662 | Gauntlet | 9662 ||| INVOKING Heroism.
  9663 | Gauntlet | 9663 ||| INVOKING Finesse.
  9743 | Gauntlet | 9743 ||| INVOKING Heroism.
  9747 | Gauntlet | Reached skill level 13 in Axes
  9771 | Gauntlet | Identified the amulet of Lugonu's Outrage {RegenMP Harm
                  | rCorr Str-3 Dex+3}
  9788 | Gauntlet | 9788 ||| DROPPING +1 pair of boots of rampaging.
  9814 | Gauntlet | Received a gift from Okawaru
  9815 | Gauntlet | Reached skill level 3 in Dodging
  9827 | Gauntlet | Identified the +0 pair of gloves of the Rose {rF+ rN++}
  9833 | Gauntlet | 9833 ||| UPGRADING to +0 pair of gloves of the Rose {rF+
                  | rN++}.
  9843 | Gauntlet | 9843 ||| DROPPING +0 pair of gloves.
  9861 | Gauntlet | Identified the +5 arbalest of the Enemy {freeze, Drain
                  | rElec rPois Int+6}
  9861 | Gauntlet | Noticed a minotaur
  9862 | Gauntlet | 9862 ||| INVOKING Heroism.
  9863 | Gauntlet | 9863 ||| INVOKING Finesse.
  9871 | Gauntlet | HP: 12/77 [minotaur/+5 broad axe of distortion (20)]
  9871 | Gauntlet | HP: 4/77 [minotaur/+5 broad axe of distortion (8)]
  9873 | Gauntlet | Demolished by a minotaur

Levels and vault maps discovered:
D:1:      saegor_arrival_simple_a, layout_basic, minmay_tromino_v7
D:2:      layout_rooms
D:3:      layout_rooms
D:4:      layout_rooms, minmay_temple_entry_slanted, corexii_leaking_fountain,
          minmay_bent, uniq_blork_the_orc, uniq_eustachio
D:5:      layout_loops_ring, uniq_grinder
D:6:      layout_gridville, moated_statue, uniq_edmund
D:7:      cheibrodos_shockbox, layout_layer_cave, overflow_temple_1_default,
          mainiacjoe_overflow_big_doors, serial_demonic, serial_demonic_g,
          serial_demonic_f, serial_demonic_e, serial_demonic_d
D:8:      cheibrodos_grave_circle, layout_loops_ring,
          due_lair_maze_entry_diamond, dreamdust_princess_corridor, uniq_pikel
Temple:   nicolae_temple_bog_church
Lair:1:   layout_chaotic_city, lemuel_fruit_fields, grunt_megastairs_4,
          lemuel_fruit_fields, serial_bayou_shore_a
Lair:2:   layout_cave_pods, hellmonk_spider_entry_not_the_bees
Lair:3:   layout_cave_pods, elwin_shoals_entry_rocks,
          infiniplex_staircase_pool_2
Lair:4:   layout_gridlike, nicolae_slime_entry_slimehenge,
          gauntlet_entry_generic, grunt_megastairs_5, uniq_sonja
Gauntlet: gammafunk_gauntlet_branching [gammafunk_gauntlet_arena_split_diamond,
          gammafunk_gauntlet_arena_corners, nicolae_gauntlet_arena_flowing_pool,
          minmay_gauntlet_arena_make_your_own_arena,
          nicolae_gauntlet_arena_grate_2, gammafunk_gauntlet_arena_grid,
          gammafunk_gauntlet_arena_hedges, nicolae_gauntlet_arena_quarters,
          nicolae_gauntlet_exit_dead_adventurers]

Skill      XL: |  1  2  3  4  5  6  7  8  9 10 11 12 |
---------------+-------------------------------------+-----
Axes           | 2 3 4 5 7 8 10 11 12 13 | 13.2
Throwing       | 1 2 3 4 5 |  5.1
Dodging        | 1 2 3 |  3.4
Fighting       | 4 6 7 8 9 10 | 10.1
Invocations    | 3 4 5 9 10 | 10.0
Shields        | 4 5 6 |  6.0
Armour         | 4 5 |  5.1

Action                     |  1- 3 |  4- 6 |  7- 9 | 10-12 || total
---------------------------+-------+-------+-------+-------++-------
  Melee: War axe           |   131 |    70 |   299 |   398 ||   898
         Morningstar       |       |       |       |     7 ||     7
  Throw: Boomerang         |     3 |    27 |    31 |    31 ||    92
         Javelin           |       |     8 |    58 |    39 ||   105
 Invoke: Heroism           |       |       |     7 |    10 ||    17
         Finesse           |       |       |       |     4 ||     4
    Use: Scroll            |     6 |     2 |     5 |     9 ||    22
         Potion            |       |     1 |     4 |     4 ||     9
   Stab: Invisible         |       |       |     1 |       ||     1
 Armour: Scale mail        |    52 |       |       |       ||    52
         Ring mail         |    16 |    68 |   176 |   333 ||   593
  Dodge: Dodged            |    54 |    62 |   149 |   293 ||   558
  Block: Buckler           |    22 |    16 |    63 |   122 ||   223

Table legend:
 A = Non-vault XP
 B = Vault XP
 C = Vault XP percentage of total XP
 D = Non-vault monster count
 E = Vault monster count
 F = Vault count percentage of total count
                 A         B        C        D         E       F
            +---------+---------+-------+---------+---------+-------
      Total |   19939 |   10687 |  34.9 |     237 |      64 |  21.3
            +---------+---------+-------+---------+---------+-------
        D:1 |      30 |       3 |   9.1 |      20 |       3 |  13.0
        D:2 |      21 |       0 |   0.0 |      11 |       0 |   0.0
        D:3 |      46 |       0 |   0.0 |      22 |       0 |   0.0
        D:4 |     714 |     386 |  35.1 |      32 |      11 |  25.6
        D:5 |     397 |     262 |  39.8 |      24 |       1 |   4.0
        D:6 |    1210 |     173 |  12.5 |      20 |       1 |   4.8
        D:7 |     901 |     107 |  10.6 |      27 |       8 |  22.9
        D:8 |     450 |    4086 |  90.1 |      18 |      23 |  56.1
     Lair:1 |    9521 |     196 |   2.0 |      40 |       1 |   2.4
     Lair:2 |    2905 |     129 |   4.3 |      11 |       2 |  15.4
     Lair:3 |    3117 |       0 |   0.0 |       9 |       0 |   0.0
     Lair:4 |     627 |     778 |  55.4 |       3 |       1 |  25.0
   Gauntlet |       0 |    4567 | 100.0 |       0 |      13 | 100.0
            +---------+---------+-------+---------+---------+-------
